 Dungeon Crawl Stone Soup version 0.26-a0-658-gbdda728c12 (webtiles) character file.

Game seed: 15088820593151724605

28546 Descartes the Thaumaturge (level 13, -7/63 HPs)
             Began as a Deep Elf Wanderer on Oct 4, 2020.
             Was an Elder of Vehumet.
             Mangled by an anaconda (16 damage)
             ... on level 1 of the Snake Pit on Oct 5, 2020.
             The game lasted 01:15:57 (22369 turns).

Descartes the Thaumaturge (Deep Elf Wanderer)      Turns: 22369, Time: 01:15:58

Health: -7/63      AC:  7    Str: 11    XL:     13   Next: 10%
Magic:  29/29      EV: 16    Int: 19    God:    Vehumet [****..]
Gold:   836        SH:  5    Dex: 16    Spells: 6/32 levels left

rFire    + . .     SeeInvis +   U - +9 heavy crossbow "Sniper" {vorpal, Acc+โˆž SInv}
rCold    + . .     Faith    .   (shield currently unavailable)
rNeg     . . .     Spirit   .   T - +2 ring mail {rC+}
rPois    .         Reflect  +   (helmet restricted)
rElec    .         Harm     .   Z - +0 cloak
rCorr    .         Rampage  .   R - -3 pair of gloves of Divine Compulsion {Slay+3} (curse)
MR       +....     Clarity  +   m - +0 pair of boots
Stlth    ++........             y - amulet of reflection
HPRegen  0.20/turn              i - +4 ring of evasion
MPRegen  0.21/turn              N - +4 ring of slaying

@: lethally poisoned (-7 -> -8), constricted
A: horns 1, clarity, deterioration 1, fire resistance 1
a: Renounce Religion


You were on level 1 of the Snake Pit.
You worshipped Vehumet.
Vehumet was greatly pleased with you.
You visited 4 branches of the dungeon, and saw 17 of its levels.
You also visited: Sewer.

You collected 1166 gold pieces.
You spent 330 gold pieces at shops.

Inventory:

Hand Weapons
 S - a +0 rapier of venom
 U - the +9 heavy crossbow "Sniper" (weapon) {vorpal, Acc+โˆž SInv}
   (You found it on level 8 of the Dungeon)

   Any bolt fired from it inflicts extra damage.
   It lets you see invisible.
Missiles
 c - 437 stones
 f - 6 atropa-tipped darts
 l - 6 javelins
 u - 33 poisoned darts
 w - 8 boomerangs of dispersal
 x - 194 arrows
 L - 15 curare-tipped darts
 V - 73 bolts (quivered)
Armour
 m - a +0 pair of boots (worn)
 o - a +0 pair of gloves
 K - a +1 kite shield of reflection
 O - a +2 robe of magic resistance
 R - the cursed -3 pair of gloves of Divine Compulsion (worn) {Slay+3}
   (You found it on level 1 of the Snake Pit)

   It affects your accuracy and damage with ranged weapons and melee attacks
   (+3).
   It has a curse placed upon it.
 T - a +2 ring mail of cold resistance (worn)
 X - a +2 helmet of intelligence
 Z - a +0 cloak (worn)
Jewellery
 i - a +4 ring of evasion (left hand)
 y - an amulet of reflection (around neck)
 A - an uncursed ring of protection from fire
 M - an uncursed ring of poison resistance
 N - a +4 ring of slaying (right hand)
Wands
 a - a wand of disintegration (37)
 d - a wand of acid (3)
 F - a wand of polymorph (32)
 H - a wand of paralysis (6)
 W - a wand of random effects (11)
Scrolls
 e - 12 scrolls of remove curse
 j - 4 scrolls of fear
 k - 6 scrolls of blinking
 n - 3 scrolls of amnesia
 p - a scroll of magic mapping
 q - 7 scrolls of teleportation
 t - a scroll of vulnerability
 v - a scroll of enchant weapon
 B - 5 scrolls of enchant armour
 C - a scroll of brand weapon {unknown}
 D - 2 scrolls of fog
 G - 2 scrolls of immolation
 I - a scroll of summoning
 P - a scroll of torment
Potions
 b - a potion of lignification
 g - a potion of flight
 h - 6 potions of curing
 r - 2 potions of berserk rage
 s - a potion of brilliance
 z - a potion of might
 E - 5 potions of stabbing
 J - 2 potions of magic
 Q - 2 potions of resistance
 Y - 2 potions of haste


   Skills:
 + Level 8.5 Dodging
 - Level 5.0 Stealth
 * Level 8.2 Shields
 + Level 10.2 Spellcasting
 - Level 10.0 Conjurations
 + Level 9.0 Hexes
 - Level 1.2 Necromancy
 - Level 4.1 Translocations
 - Level 10.0 Fire Magic
 - Level 10.0 Earth Magic
 - Level 1.1 Evocations


You had 6 spell levels left.
You knew the following spells:

 Your Spells              Type           Power        Failure   Level
a - Foxfire               Conj/Fire      ####         1%          1
b - Magic Dart            Conj           ####         1%          1
c - Blink                 Tloc           N/A          4%          2
d - Conjure Flame         Conj/Fire      #####...     1%          3
e - Sandblast             Erth           #####.       1%          1
f - Agony                 Necr           ##......     96%         5
g - Mephitic Cloud        Conj/Pois/Air  ###.....     4%          3
h - Searing Ray           Conj           #####.       1%          2
i - Inner Flame           Hex/Fire       #####...     1%          3
j - Irradiate             Conj/Tmut      ####......   17%         5

Your spell library contained the following spells:

 Spells                   Type           Power        Failure   Level
 Starburst                Conj/Fire      #####.....   12%         6
 Corona                   Hex            #####..      1%          1
 Slow                     Hex            #####...     1%          2
 Confusing Touch          Hex            #####...     1%          3
 Dazzling Flash           Conj/Hex       #####.       1%          3
 Stone Arrow              Conj/Erth      #####.       1%          3
 Tukima's Dance           Hex            #####...     1%          3
 Fulminant Prism          Conj/Hex       #####.....   1%          4
 Lee's Rapid Deconstruct  Erth           #####.....   2%          5
 Passwall                 Tmut/Erth      ####....     3%          2
 Ensorcelled Hibernation  Hex/Ice        ####..       4%          2
 Ignite Poison            Fire/Tmut/Pois ###.....     4%          3
 Gell's Gravitas          Tloc           ####......   10%         3
 Lesser Beckoning         Tloc           ####......   10%         3
 Teleport Other           Tloc           ####....     10%         3
 Animate Skeleton         Necr           ##....       11%         1
 Pain                     Necr           ##..         11%         1
 Lightning Bolt           Conj/Air       ####......   17%         5
 Beastly Appendage        Tmut           #.....       19%         1
 Petrify                  Tmut/Erth      ####....     22%         4
 Call Imp                 Summ           #.......     26%         2
 Wereblood                Tmut           #.......     26%         2
 Vampiric Draining        Necr           ##........   32%         3
 Passage of Golubria      Tloc           N/A          32%         4
 Spider Form              Tmut/Pois      #.........   47%         3
 Conjure Ball Lightning   Conj/Air       ####......   63%         6
 Animate Dead             Necr           ##........   71%         4
 Ice Form                 Ice/Tmut       #.......     87%         4
 Blade Hands              Tmut           #.........   99%         5


Dungeon Overview and Level Annotations

Branches:
Dungeon (11/15)            Temple (1/1) D:4            Lair (4/6) D:8
 Shoals (0/4) Lair:2        Snake (1/4) Lair:2        Sewer (visited)
    Orc: D:9-12

Altars:
Ashenzari
Cheibriados
Dithmenos
Elyvilon
Fedhas
Gozag
Hepliaklqana
Kikubaaqudgha
Makhleb
Nemelex Xobeh
Okawaru
Qazlal
Ru
Sif Muna
Trog
Uskayaw
Vehumet
Wu Jian
Xom
Yredelemnul
Zin
The Shining One

Shops:
D:5 ?

Portals:
Abyss: D:3

Annotations:
D:7 4 runed translucent doors


Innate Abilities, Weirdness & Mutations

You have a pair of small horns on your head.
You possess an exceptional clarity of mind.
Your body sometimes deteriorates upon taking damage.
Your flesh is heat resistant. (rF+)


Message History

Vehumet says: Let it end in hellfire!
Press ? for a list of commands and other information.
Press: ? - help, Dir - move target cursor You escape the anaconda's grasp.
As you read the scroll of blinking, it crumbles to dust.
You feel sick.
You feel sick.
You feel sick. The anaconda grabs you.
The anaconda bites you but does no damage.
* * * LOW HITPOINT WARNING * * *
The anaconda constricts you.
Press: ? - help, Dir - move target cursor
Okay, then.
You escape the anaconda's grasp.
Press: ? - help, Dir - move target cursor
As you read the scroll of blinking, it crumbles to dust.
You feel sick. The anaconda grabs you. The anaconda bites you!
You die...

####....#########
#....#### #ยง#### #
#.### # # #...# ##.
# ###.##### #.. #
#.....## #.# #
#####S.## #.# #
##@.#####.# #
##.....#.########
#####..........#
########
##.#######.##
#......# ### #..#
#... #......###
#.....## ####
#.........##.#######
###..
#......##...........
..... #......#####<#
###..


You could see an anaconda.

Vanquished Creatures
  Kirke (Lair:4)
  Nessos (Lair:4)
  4 hydras
  3 two-headed ogres
  An anaconda (Snake:1)
  Sonja (Lair:1)
  A naga ritualist (Snake:1)
  A mana viper (Snake:1)
  An ugly thing (D:11)
  A manticore (D:11)
  3 merfolk sirens (Lair:2)
  A naga mage (Snake:1)
  5 black mambas
  4 cane toads
  A gargoyle (D:11)
  3 komodo dragons
  A merfolk (Lair:2)
  3 hornets
  A polar bear (Lair:3)
  Grinder (D:6)
  4 removed hippogriffs
  6 dream sheep
  The ghost of Ozzies the Skirmisher, an amateur MiFi (D:4)
  5 yaks
  A vampire (D:10)
  A wyvern (Lair:3)
  6 hogs (Lair:4)
  2 basilisks
  Menkaure (D:6)
  3 nagas
  12 water moccasins
  5 removed porcupines
  4 orc warriors
  A black bear (D:7)
  A small abomination (D:3)
  3 ice beasts
  2 phantoms
  A sky beast (D:11)
  9 ogres
  The ghost of anet the Conjurer, an amateur HOCj (D:3)
  5 wolves (Lair:1)
  3 centaurs
  2 removed crocodiles
  2 big kobolds
  10 bullfrogs
  A wyvern skeleton (D:6)
  3 scorpions
  5 killer bees (D:11)
  4 howler monkeys
  11 wights
  5 electric eels (D:10)
  3 bullfrog zombies
  3 quasits
  3 hounds
  2 orc priests
  4 jellies
  3 bullfrog skeletons
  A centaur skeleton (D:7)
  3 iguanas
  An iron imp (D:3)
  10 orc wizards
  7 worker ants
  A worker ant zombie (D:8)
  A gnoll (D:3)
  3 river rats (D:6)
  12 adders
  2 shadow imps
  4 white imps
  2 ufetubi
  2 oozes
  An adder zombie (D:9)
  An adder skeleton (D:4)
  2 worms
  2 dart slugs
  3 leopard geckos
  36 orcs
  8 bats
  3 giant cockroaches
  7 hobgoblins
  8 jackals
  3 quokkas
  11 ball pythons
  A ball python zombie (D:5)
  12 frilled lizards
  7 goblins
  A jackal skeleton (D:4)
  13 kobolds
  A leopard gecko skeleton (D:5)
  20 rats
365 creatures vanquished.

Vanquished Creatures (others)
  848 foxfires
  16 fungi
  36 plants
900 creatures vanquished.

Grand Total: 1265 creatures vanquished

Notes
Turn   | Place    | Note
-------+----------+-------------------------------------------
     0 | D:1      | Descartes the Deep Elf Wanderer began the quest for the
                  | Orb.
     0 | D:1      | Descartes set off with the following items: a +0 dagger, a
                  | potion of lignification, a +0 robe; and the following
                  | spells available to memorise: Foxfire, Magic Dart, Conjure
                  | Flame, Blink, Call Imp, Slow, Ignite Poison, Mephitic Cloud
     0 | D:1      | Reached XP level 1. HP: 10/10 MP: 6/6
     2 | D:1      | Learned a level 1 spell: Foxfire
     4 | D:1      | Learned a level 1 spell: Magic Dart
   113 | D:1      | Reached XP level 2. HP: 15/15 MP: 5/8
   610 | D:2      | Reached skill level 1 in Dodging
   611 | D:2      | Reached XP level 3. HP: 19/19 MP: 5/9
   647 | D:2      | Found a faded altar of an unknown god.
   932 | D:2      | Noticed an ogre
   958 | D:2      | Killed an ogre
   958 | D:2      | Reached XP level 4. HP: 24/24 MP: 4/11
  1444 | D:3      | Reached XP level 5. HP: 28/28 MP: 6/12
  2260 | D:3      | Learned a level 5 spell: Agony
  2305 | D:3      | Found a one-way gate to the infinite horrors of the Abyss.
  2305 | D:3      | Noticed anet's ghost (amateur HOCj)
  2317 | D:3      | Found a transporter.
  2350 | D:3      | Found a transporter.
  2407 | D:3      | Noticed a small abomination
  2802 | D:3      | Reached skill level 5 in Fire Magic
  2969 | D:4      | Found a runed translucent gate.
  2971 | D:4      | Found a runed translucent gate.
  2971 | D:4      | Noticed Ozzies's ghost (amateur MiFi)
  2972 | D:4      | Found a runed translucent gate.
  2993 | D:4      | Found a staircase to the Ecumenical Temple.
  3005 | D:4      | Noticed an ogre
  3030 | D:4      | Killed an ogre
  3030 | D:4      | Reached XP level 6. HP: 32/32 MP: 4/14
  3217 | Temple   | Entered the Ecumenical Temple
  3545 | Temple   | Became a worshipper of Vehumet
  3878 | D:4      | Found a sacrificial altar of Ru.
  3893 | D:4      | Reached XP level 7. HP: 36/36 MP: 11/16
  4119 | D:5      | Entered Level 5 of the Dungeon
  4128 | D:5      | Learned a level 3 spell: Conjure Flame
  4142 | D:5      | Reached skill level 5 in Spellcasting
  4157 | D:5      | Reached skill level 5 in Conjurations
  4263 | D:5      | Found Osethry's Magic Scroll Boutique.
  4271 | D:5      | Bought a scroll of fog for 24 gold pieces
  4271 | D:5      | Bought a scroll of remove curse for 36 gold pieces
  4271 | D:5      | Bought a scroll of blinking for 90 gold pieces
  4271 | D:5      | Bought a scroll of identify for 24 gold pieces
  4271 | D:5      | Bought a scroll of fear for 42 gold pieces
  4371 | D:5      | Learned a level 1 spell: Sandblast
  5003 | D:5      | Reached skill level 1 in Earth Magic
  5137 | D:5      | Reached * piety under Vehumet
  5137 | D:5      | Offered knowledge of Shock by Vehumet.
  5144 | D:5      | Learned a level 2 spell: Blink
  5372 | D:5      | Reached skill level 1 in Translocations
  5372 | D:5      | Reached XP level 8. HP: 41/41 MP: 11/17
  5810 | D:6      | Reached skill level 5 in Stealth
  5912 | D:6      | Found a glowing drain.
  5928 | Sewer    | Entered a sewer
  6642 | Sewer    | Reached ** piety under Vehumet
  6642 | Sewer    | Offered knowledge of Searing Ray by Vehumet.
  6895 | D:6      | Found a blossoming altar of Fedhas.
  6924 | D:6      | You fall into a shaft and drop 3 floors!
  7097 | D:8      | Found a staircase to the Lair.
  7584 | D:6      | Noticed Grinder
  7612 | D:6      | Killed Grinder
  7612 | D:6      | Reached skill level 5 in Dodging
  7786 | D:6      | Learned a level 3 spell: Mephitic Cloud
  8180 | D:6      | Noticed Menkaure
  8199 | D:6      | Killed Menkaure
  8199 | D:6      | Reached skill level 1 in Shields
  8199 | D:6      | Reached XP level 9. HP: 24/45 MP: 12/18
  9137 | D:3      | Killed anet's ghost
  9449 | D:4      | Killed Ozzies's ghost
  9676 | D:5      | Bought a scroll of identify for 24 gold pieces
  9676 | D:5      | Bought a scroll of torment for 90 gold pieces
 10130 | D:7      | Found a huge runed translucent gate.
 10131 | D:7      | Found a huge runed translucent gate.
 10133 | D:7      | Found a huge runed translucent gate.
 10133 | D:7      | Noticed a polar bear
 10149 | D:7      | Found a huge runed translucent gate.
 10149 | D:7      | Noticed a polar bear
 10149 | D:7      | Noticed a polar bear
 10149 | D:7      | Noticed a death yak
 10149 | D:7      | Noticed a polar bear
 10152 | D:7      | Noticed a polar bear
 10164 | D:7      | Noticed a polar bear
 10274 | D:7      | You fall into a shaft and drop 1 floor!
 10969 | D:8      | Noticed a two-headed ogre
 11046 | D:8      | Killed a two-headed ogre
 11046 | D:8      | Reached skill level 10 in Conjurations
 11046 | D:8      | Reached XP level 10. HP: 16/50 MP: 13/19
 11050 | D:8      | Learned a level 2 spell: Searing Ray
 11285 | D:8      | Noticed a two-headed ogre
 11329 | D:8      | Found the +9 heavy crossbow "Sniper" {vorpal, Acc+โˆž SInv}
 11640 | D:8      | Killed a two-headed ogre
 11693 | D:8      | Offered knowledge of Inner Flame by Vehumet.
 11773 | D:8      | Reached *** piety under Vehumet
 12497 | D:9      | Learned a level 3 spell: Inner Flame
 12530 | D:9      | Found a glowing silver altar of Zin.
 12598 | D:9      | Offered knowledge of Static Discharge by Vehumet.
 12786 | D:10     | Entered Level 10 of the Dungeon
 13119 | D:10     | Noticed a two-headed ogre
 13134 | D:10     | Killed a two-headed ogre
 13134 | D:10     | Reached skill level 5 in Earth Magic
 14043 | D:11     | Reached skill level 10 in Fire Magic
 14207 | D:11     | Reached **** piety under Vehumet
 14221 | D:11     | Offered knowledge of Irradiate by Vehumet.
 14221 | D:11     | Reached XP level 11. HP: 51/54 MP: 25/25
 14535 | D:11     | Noticed a brown ugly thing
 14560 | D:11     | Killed a brown ugly thing
 14892 | D:11     | Noticed a five-headed hydra
 15441 | Lair:1   | Entered Level 1 of the Lair of Beasts
 15487 | Lair:1   | Noticed a seven-headed hydra
 15535 | Lair:1   | Learned a level 5 spell: Irradiate
 15806 | Lair:1   | Reached skill level 10 in Spellcasting
 15847 | Lair:1   | Killed a seven-headed hydra
 15982 | Lair:1   | Noticed Sonja
 15985 | Lair:1   | Killed Sonja
 16219 | Lair:1   | Identified a scroll of acquirement
 16588 | Lair:2   | Reached ***** piety under Vehumet
 16635 | Lair:2   | Noticed a four-headed hydra
 16640 | Lair:2   | Killed a four-headed hydra
 16640 | Lair:2   | Reached skill level 10 in Earth Magic
 16640 | Lair:2   | Reached skill level 1 in Hexes
 16642 | Lair:2   | Noticed a seven-headed hydra
 16648 | Lair:2   | Killed a seven-headed hydra
 16676 | Lair:2   | Acquired a +1 kite shield of reflection
 16694 | Lair:2   | Noticed a four-headed hydra
 16699 | Lair:2   | Killed a four-headed hydra
 16701 | Lair:2   | Reached skill level 5 in Hexes
 16755 | Lair:2   | Identified the Catalogue of Ensnaring Feathers
 16794 | Lair:2   | Found a staircase to the Snake Pit.
 16857 | Lair:2   | Offered knowledge of Starburst by Vehumet.
 16980 | Lair:2   | Reached XP level 12. HP: 50/59 MP: 28/28
 17098 | Lair:2   | Reached skill level 5 in Shields
 17596 | Lair:2   | Found a staircase to the Shoals.
 18455 | Snake:1  | Entered Level 1 of the Snake Pit
 20216 | Lair:4   | Noticed Kirke
 20473 | Lair:4   | Noticed Nessos
 20480 | Lair:4   | Killed Nessos
 20702 | Lair:4   | Gained mutation: Your body sometimes deteriorates upon
                  | taking damage. [potion of mutation]
 20702 | Lair:4   | Gained mutation: You have a pair of small horns on your
                  | head. [potion of mutation]
 20702 | Lair:4   | Gained mutation: Your flesh is heat resistant. (rF+)
                  | [potion of mutation]
 20702 | Lair:4   | Gained mutation: You possess an exceptional clarity of
                  | mind. [potion of mutation]
 21129 | Lair:4   | Killed Kirke
 21842 | Snake:1  | Reached XP level 13. HP: 62/63 MP: 29/29
 22268 | Snake:1  | Got a pair of dazzling gloves
 22279 | Snake:1  | Identified the cursed -3 pair of gloves of Divine
                  | Compulsion {Slay+3} (You found it on level 1 of the Snake
                  | Pit)
 22355 | Snake:1  | Upgraded the game from 0.26-a0-652-gafc20e3620 to
                  | 0.26-a0-658-gbdda728c12
 22369 | Snake:1  | Mangled by an anaconda

Illustrated notes

Levels and vault maps discovered:
D:1:      mrwooster_arrival_arrow, layout_rooms
D:2:      layout_basic, chequers_ecumenical_altar_island
D:3:      layout_rooms, gammafunk_ghost_abyssal_escape, st_stairs_6
D:4:      layout_loops_ring, nicolae_ru_great_annihilating_truth,
          minmay_temple_entry_tees, ebering_ghost_rock_garden
D:5:      layout_gridville, serial_shops, shop_statue, minmay_crystal_water
D:6:      layout_basic, portal_sewer_entry_e, fedhas_altar_3, uniq_grinder,
          uniq_menkaure
D:7:      lemuel_bear_cage, layout_rooms
D:8:      layout_rooms, lair_entry_dummy, serial_bayou_crossing
D:9:      layout_roguey, basic_altar
D:10:     layout_basic
D:11:     minmay_evil_eye, layout_basic, kennysheep_small_spiral
Temple:   nicolae_temple_the_god_donut
Lair:1:   layout_layer_cave, uniq_sonja
Lair:2:   layout_big_grid, elwin_shoals_entry_stream,
          minmay_snake_entry_six_corridors, infiniplex_staircase_pool_2
Lair:3:   layout_small_grid
Lair:4:   layout_cave_pods, grunt_megastairs_4, uniq_nessos, uniq_kirke
Snake:1:  layout_rooms

Skill      XL: |  1  2  3  4  5  6  7  8  9 10 11 12 13 |
---------------+----------------------------------------+-----
Conjurations   | 2 3 4 5 7 10 | 10.0
Stealth        | 2 3 4 5 |  5.0
Dodging        | 1 2 3 4 5 8 |  8.5
Spellcasting   | 4 5 8 10 | 10.2
Fire Magic     | 5 6 7 10 | 10.0
Earth Magic    | 1 3 6 10 | 10.0
Translocations | 1 4 |  4.1
Shields        | 1 4 8 |  8.2
Hexes          | 5 8 9 |  9.0
Necromancy     | |  1.2
Evocations     | |  1.1

Action                   |  1- 3 |  4- 6 |  7- 9 | 10-12 | 13-15 || total
-------------------------+-------+-------+-------+-------+-------++-------
Melee: Dagger            |       |    13 |     1 |       |       ||    14
       Heavy crossbow    |       |       |       |     1 |       ||     1
 Fire: Heavy crossbow    |       |       |       |   353 |    17 ||   370
 Cast: Foxfire           |    43 |   107 |   397 |    12 |       ||   559
       Magic Dart        |       |       |   144 |     8 |       ||   152
       Blink             |       |       |       |     4 |       ||     4
       Sandblast         |       |       |       |    32 |       ||    32
       Conjure Flame     |       |       |       |     1 |       ||     1
       Mephitic Cloud    |       |       |       |     1 |       ||     1
Evoke: Wand              |       |       |       |     3 |       ||     3
  Use: Potion            |       |     2 |     6 |     4 |       ||    12
       Scroll            |       |       |    13 |    17 |     2 ||    32
Armor: Robe              |     2 |       |       |       |       ||     2
       Leather armour    |     1 |     3 |       |       |       ||     4
       Scale mail        |       |     5 |    20 |       |       ||    25
       Ring mail         |       |       |    63 |   115 |     6 ||   184
       Skin              |       |       |    37 |       |       ||    37
Dodge: Dodged            |    10 |    65 |   213 |   344 |    20 ||   652
Block: Other             |       |       |    48 |    76 |     4 ||   128
       Reflection        |       |       |     1 |       |       ||     1
       Buckler           |       |       |    64 |       |       ||    64

Table legend: (Time is in decaauts)
 A = Elapsed time spent in this place.
 B = Non-inter-level travel time spent in this place.
 C = Inter-level travel time spent in this place.
 D = Time resting spent in this place.
 E = Time spent auto-exploring this place.
 F = Levels seen in this place.
 G = Mean time per level.
                   A        B        C        D        E       F      G
               +--------+--------+--------+--------+--------+-----+--------+
         Total |  23085 |  22022 |   1063 |    228 |  17606 |  18 | 1282.5 |
       Dungeon |  14612 |  13825 |    787 |    184 |  10810 |  11 | 1328.4 |
        Temple |    342 |    329 |     13 |      0 |    257 |   1 |  342.0 |
          Lair |   6651 |   6389 |    262 |     44 |   5399 |   4 | 1662.8 |
     Snake Pit |    600 |    600 |      0 |      0 |    466 |   1 |  600.0 |
         Sewer |    879 |    879 |      0 |      0 |    674 |   1 |  879.0 |
               +--------+--------+--------+--------+--------+-----+--------+

Top non-repeatable levels by time:
  Lair:2: 2099 daAuts
  Lair:3: 1965 daAuts
     D:5: 1944 daAuts
     D:6: 1674 daAuts
     D:2: 1587 daAuts
    D:10: 1583 daAuts
     D:3: 1521 daAuts
  Lair:4: 1366 daAuts
     D:8: 1340 daAuts
    D:11: 1296 daAuts
     D:4: 1265 daAuts
  Lair:1: 1220 daAuts
     D:7: 946 daAuts
   Sewer: 879 daAuts
     D:9: 846 daAuts
